 Dungeon Crawl Stone Soup version 0.31-a0-917-ga885b83477 (webtiles) character file.

Game seed: 14315689209051033627

140 Majang the Digger (level 5, 0/28 HPs)
             Began as a Gargoyle Earth Elementalist on Oct 17, 2023.
             Killed by divine providence
             ... invoked by an orc priest
              (9 damage)
             ... on level 3 of the Dungeon.
             The game lasted 00:14:58 (2692 turns).

Majang the Digger (Gargoyle Earth Elementalist)     Turns: 2692, Time: 00:14:59

Health: 0/28       AC:  8    Str: 12    XL:     5   Next: 23%
Magic:  4/10       EV: 11    Int: 17    God:
Gold:   110        SH:  0    Dex: 10    Spells: 7/11 levels left

rFire   . . .        l - +0 morningstar
rCold   . . .        (no shield)
rNeg    + . .        a - +0 robe
rPois   ∞            (no helmet)
rElec   +            (no cloak)
rCorr   .            f - +0 pair of gloves
SInv    .            e - +0 pair of boots
Will    .....        (no amulet)
Stlth   ++           (no ring)
HPRegen 0.24/turn    (no ring)
MPRegen 0.12/turn

%: no passive effects
@: no status effects
A: sickness immunity, AC +4, negative energy resistance 1, electricity
resistance, torment resistance 1, petrification resistance
a: no special abilities


You were on level 3 of the Dungeon.
You visited 1 branch of the dungeon, and saw 5 of its levels.

You collected 110 gold pieces.

Inventory:

Hand Weapons
 l - a +0 morningstar (weapon)
Armour
 a - a +0 robe (worn)
 e - a +0 pair of boots (worn)
 f - a +0 pair of gloves (worn)
Scrolls
 d - 2 scrolls of teleportation {unknown}
 h - 4 scrolls of identify {unknown}
 j - a scroll of acquirement {unknown}
Potions
 b - a potion of magic
 c - a potion of lignification {unknown}
 g - a potion of attraction {unknown}
 i - 3 potions of curing {unknown}
 k - a potion of heal wounds {unknown}


   Skills:
 - Level 1.5 Dodging
 - Level 2.1 Stealth
 * Level 3.9 Spellcasting
 + Level 1.8 Conjurations
 - Level 0.7 Transmutations
 + Level 4.7 Earth Magic


You had 7 spell levels left.
You knew the following spells:

 Your Spells              Type           Power      Damage    Failure   Level
a - Sandblast             Erth           38%        2d10      2%          1
b - Stone Arrow           Conj/Erth      28%        3d8       12%         3

Your spell library contained the following spells:

 Spells                   Type           Power      Damage    Failure   Level
 Passwall                 Tmut/Erth      10%        N/A       8%          2
 Brom's Barrelling Bould  Conj/Erth      14%        2d4       38%         4
 Petrify                  Tmut/Erth      12%        N/A       45%         4
 Vhi's Electric Charge    Tloc/Air       6%         N/A       85%         4
 Arcjolt                  Conj/Air       3%         1d13      97%         5
 Maxwell's Capacitive Co  Air            1%         ∞         100%        8


Dungeon Overview and Level Annotations

Branches:
Dungeon (5/15)
 Temple: D:4-7

Altars:

Shops:
D:1 ?   D:2 (


Innate Abilities, Weirdness & Mutations

You are immune to sickness and miasma.
Your stone body is resilient. (AC +4)
You are immune to poison.
You resist negative energy. (rN+)
You are resistant to electric shocks. (rElec)
You are resistant to unholy torment.
You are immune to petrification.


Message History

g - Guard the area. f - Follow me.
Anything else - Cancel.
You shout for attention!
The orc priest shouts!
You hear a shout! x2
Things that are here:
a +0 hand axe; an orc corpse The blast of sand hits the orc!
You kill the orc!
The blast of sand hits the orc priest but does no damage.
An orc priest comes into view. It is wielding a +0 whip.
The orc priest looks braver for a moment.
The blast of sand hits the orc priest!
The orc priest is heavily wounded.
The orc priest mumbles some strange prayers to Beogh against you.
Pain shoots through your body!
The blast of sand hits the orc priest.
The orc priest is severely wounded.
The orc priest invokes the aid of Beogh against you.
You barely resist.
The orc priest invokes the aid of Beogh against you.
Beogh smites you!
Ouch! That really hurt!
You are too injured to fight recklessly!
Casting: Sandblast (safe; 2% risk of failure)
Confirm with . or Enter, or press ? or * to list all spells.
Aiming: Sandblast (safe; 2% risk of failure)
Press: ? - help, Shift-Dir - straight line, f/p - orc priest
Aim: an orc priest, wielding a +0 whip of electrocution and wearing a +0 ring mail (severely wounded, 84% to hit)
The blast of sand hits the orc priest!
You kill the orc priest!
You have reached level 5!
Casting: Sandblast (safe; 2% risk of failure)
Confirm with . or Enter, or press ? or * to list all spells.
Aiming: Sandblast (safe; 2% risk of failure)
Press: ? - help, Shift-Dir - straight line, f - orc priest
Aim: an orc priest, wielding a +0 whip and wearing a +0 ring mail (84% to hit)
The blast of sand misses the orc priest.
The orc priest hits you with a +0 whip.
The orc priest invokes the aid of Beogh against you.
Beogh smites you!
You die...

...### ##### #....## ##... #
#..... ...# .# # #....###
##)######.§# ##. .#.#
#......###......o..o. ... .†.#
##.......##.#######... #.# ..##
#.........#o# #.. #.# ..#
#.........#@# #... #.# ###
#.........#.# ##..# #.#
##..........# ....###.###
#..#...##### #.#........)
#.....##########.##.###.###
#..##............##.##...##
#..##.#########..#.........
#######..##.# #..#..##...##
...>..#..##.#########..#..###.###


You could see an orc priest.

Vanquished Creatures
  An orc priest (D:3)
  2 gnolls (D:3)
  3 adders
  A dart slug (D:1)
  8 orcs
  6 ball pythons
  4 bats
  5 endoplasms
  2 giant cockroaches
  4 goblins
  A hobgoblin (D:1)
  6 kobolds
  3 quokkas
  5 frilled lizards
  5 rats
56 creatures vanquished.

Notes
Turn   | Place    | Note
-------+----------+-------------------------------------------
     0 | D:1      | Majang the Gargoyle Earth Elementalist began the quest for
                  | the Orb.
     0 | D:1      | Reached XP level 1. HP: 10/10 MP: 3/3
   291 | D:1      | Reached XP level 2. HP: 15/15 MP: 0/5
   473 | D:1      | Found Fygg's Magic Scroll Shoppe.
   579 | D:1      | Reached skill level 4 in Earth Magic
  1132 | D:2      | Reached XP level 3. HP: 19/19 MP: 5/7
  1136 | D:2      | Learned a level 3 spell: Stone Arrow
  1302 | D:2      | Found Atzuhulix's Antique Weapon Shop.
  1965 | D:3      | You fall into a shaft and drop 2 floors!
  1965 | D:5      | Entered Level 5 of the Dungeon
  2233 | D:3      | Reached skill level 1 in Conjurations
  2233 | D:3      | Reached XP level 4. HP: 24/24 MP: 6/9
  2692 | D:3      | Reached XP level 5. HP: 12/28 MP: 4/10
  2692 | D:3      | Killed from afar by an orc priest

Illustrated notes

Levels and vault maps discovered:
D:1:      dpeg_arrival_water_fire, layout_loops_ring, serial_shops,
          nicolae_shop_back_alley_shop
D:2:      layout_basic, serial_shops, nicolae_diamond_shop
D:3:      layout_loops_ring, lemuel_coloured_pillars_altar
D:4:      layout_basic, general_overflow_altar, kiku_gazebo_garden_becter,
          uniq_grinder
D:5:      nicolae_cairo_tiling, layout_gridville, uniq_prince_ribbit1

Skill      XL: |  1  2  3 |
---------------+----------+-----
Earth Magic    | 4 |  4.7
Spellcasting   | 3 |  3.9
Conjurations   | 1 |  1.8
Dodging        | |  1.5
Stealth        | |  2.1
Transmutations | |  0.7

Action                     |  1- 3 |  4- 6 || total
---------------------------+-------+-------++-------
   Cast: Sandblast         |    52 |    27 ||    79
 Armour: Robe              |     7 |     9 ||    16
  Dodge: Dodged            |     3 |     7 ||    10

Table legend: (Time is in decaauts)
 A = Elapsed time spent in this place.
 B = Non-inter-level travel time spent in this place.
 C = Inter-level travel time spent in this place.
 D = Time resting spent in this place.
 E = Time spent auto-exploring this place.
 F = Levels seen in this place.
 G = Mean time per level.
                   A        B        C        D        E       F      G
               +--------+--------+--------+--------+--------+-----+--------+
         Total |   2735 |   2634 |    101 |    603 |    273 |   5 |  547.0 |
       Dungeon |   2735 |   2634 |    101 |    603 |    273 |   5 |  547.0 |
               +--------+--------+--------+--------+--------+-----+--------+

Top non-repeatable levels by time:
     D:1: 1135 daAuts
     D:2: 813 daAuts
     D:3: 606 daAuts
     D:4: 171 daAuts
     D:5: 8 daAuts
